 Dungeon Crawl Stone Soup version 0.21.1-1-g345015f (webtiles) character file.

1595 Kagorn the Skirmisher (level 8, -2/78 HPs)
             Began as a Gargoyle Fighter on June 10, 2018.
             Was an Initiate of Makhleb.
             Slain by a gnoll
             ... wielding a +0 halberd
              (5 damage)
             ... on level 6 of the Dungeon.
             The game lasted 00:31:57 (4184 turns).

Kagorn the Skirmisher (Gargoyle Fighter)            Turns: 4184, Time: 00:31:58

Health: -2/78      AC: 17    Str: 26    XL:     8   Next: 93%
Magic:  0/8        EV: 10    Int:  6    God:    Makhleb [......]
Gold:   264        SH: 11    Dex: 15    Spells: 7/7 levels left

rFire    . . .     SeeInvis .   g - +3 dagger (drain)
rCold    . . .     Gourm    .   c - +0 shield
rNeg     + . .     Faith    .   x - +4 ring mail "Ephime" {Int-2 Dex+4}
rPois    ∞         Spirit   +   t - +0 helmet
rElec    +         Reflect  .   (no cloak)
rCorr    .         Harm     .   (no gloves)
MR       .....                  (no boots)
Stlth    ..........             w - amulet of guardian spirit
HPRegen  0.23/turn              n - ring of flight
MPRegen  0.11/turn              (no ring)

@: berserking (expiring), very quick
A: negative energy resistance 1, electricity resistance, unbreathing,
petrification resistance, rot immunity, AC +5
a: Renounce Religion, Evoke Flight


You were on level 6 of the Dungeon.
You worshipped Makhleb.
Makhleb was noncommittal.
You were not hungry.

You visited 1 branch of the dungeon, and saw 6 of its levels.

You collected 264 gold pieces.

Inventory:

Hand Weapons
 a - a +0 flail
 g - a +3 dagger of draining (weapon)
 u - a +2 flail of protection
Missiles
 b - 10 tomahawks (quivered)
Armour
 c - a +0 shield (worn)
 t - a +0 helmet (worn)
 x - the +4 ring mail "Ephime" (worn) {Int-2 Dex+4}
   (You found it on level 5 of the Dungeon)

   It affects your intelligence (-2).
   It affects your dexterity (+4).
Jewellery
 n - a ring of flight (left hand)
 w - an amulet of guardian spirit (around neck)
Scrolls
 i - a scroll of magic mapping
 j - a scroll of enchant weapon
 k - a scroll of immolation
 l - 2 scrolls of identify
 m - 3 scrolls of teleportation
 p - 2 scrolls of remove curse
Potions
 d - 2 potions of might
 e - a potion of berserk rage
 h - a potion of flight
 q - a potion of agility {unknown}
 r - a potion of brilliance {unknown}
Comestibles
 f - 4 rations


   Skills:
 * Level 6.8 Fighting
 * Level 3.5 Short Blades
 - Level 4.0 Maces & Flails
 + Level 5.4 Armour
 + Level 2.8 Dodging
 + Level 4.2 Stealth
 + Level 5.2 Shields


You had 7 spell levels left.
You didn't know any spells.

Dungeon Overview and Level Annotations

Branches:
Dungeon (6/15)
 Temple: D:4-7

Altars:
Makhleb
Okawaru

Annotations:
D:5 Prince Ribbit


Innate Abilities, Weirdness & Mutations

You are resistant to torment.
Your stone body is resilient. (AC +5)
You are immune to poison.
You resist negative energy. (rN+)
You are resistant to electric shocks. (rElec)
You can survive without breathing.
You are immune to petrification.
You are immune to rotting.


Message History

You puncture the orc!
You kill the orc!
Makhleb accepts your kill. You block the gnoll's attack.
You block the orc warrior's attack.
A gnoll comes into view. It is wielding a spear.
Things that are here:
a short sword; a dagger; a robe You puncture the orc warrior!
You drain the orc warrior!
The orc warrior is heavily wounded.
You are no longer corroded.
The gnoll hits you but does no damage. You block the orc warrior's attack.
The orc barely misses you.
You hit the orc warrior. You drain the orc warrior!
The orc warrior is almost dead.
The gnoll hits you but does no damage.
You hit the orc warrior.
You kill the orc warrior!
Makhleb accepts your kill. The gnoll hits you with a halberd.
You die...

##.#####..# #.........#
##...####..# . ...###
#.# ##.. .#.# #.###
#.... ...#
##...######..... #..#
##............g.. ..†#
###......##o).%.... #)##
#..........@g...... ))#
#..####.$...g...... ###
##.## #............
#####..# #..^..........
......###...............
.....##.................
........................
........................
.......................


You could see 3 gnolls and an orc.

Vanquished Creatures
  A hornet (D:3)
  2 orc warriors (D:6)
  A black bear (D:5)
  An ogre (D:6)
  A centaur (D:5)
  2 scorpions
  A howler monkey (D:3)
  The ghost of inc the Insei, a weakling OpEE (D:4)
  A crimson imp (D:5)
  A bullfrog zombie (D:6)
  4 orc priests
  A bullfrog skeleton (D:5)
  2 jellies
  6 orc wizards
  An iguana (D:5)
  3 worker ants
  Natasha (thrice) (D:2)
  8 adders
  A shadow imp (D:5)
  2 oozes
  2 worms (D:3)
  2 dart slugs
  3 leopard geckos
  13 orcs
  3 ball pythons
  7 bats
  4 giant cockroaches
  4 hobgoblins
  4 jackals (D:2)
  A quokka (D:5)
  5 frilled lizards
  9 goblins
  2 jackal skeletons (D:4)
  3 kobolds
  A leopard gecko skeleton (D:5)
  4 rats
110 creatures vanquished.

Notes
Turn   | Place    | Note
-------+----------+-------------------------------------------
     0 | D:1      | Kagorn the Gargoyle Fighter began the quest for the Orb.
     0 | D:1      | Reached XP level 1. HP: 14/14 MP: 1/1
     6 | D:1      | Noticed a polar bear
     6 | D:1      | Noticed an anaconda
     7 | D:1      | Noticed a rime drake
     7 | D:1      | Noticed a hog
   106 | D:1      | Reached XP level 2. HP: 19/19 MP: 2/2
   312 | D:1      | You fall through a shaft!
   405 | D:2      | Reached XP level 3. HP: 19/23 MP: 3/3
   598 | D:2      | Noticed Natasha
   609 | D:2      | Killed Natasha
   609 | D:2      | Reached skill level 1 in Short Blades
   609 | D:2      | Reached skill level 1 in Stealth
   683 | D:2      | Noticed Natasha
   707 | D:2      | Killed Natasha
   707 | D:2      | Reached skill level 4 in Fighting
   707 | D:2      | Reached XP level 4. HP: 27/29 MP: 4/4
   740 | D:2      | Noticed Natasha
   747 | D:2      | Killed Natasha
  1123 | D:3      | Reached XP level 5. HP: 27/33 MP: 5/5
  1266 | D:3      | Reached skill level 1 in Dodging
  1399 | D:3      | Noticed a hornet
  1429 | D:3      | Killed a hornet
  1429 | D:3      | Reached skill level 5 in Fighting
  1429 | D:3      | Reached XP level 6. HP: 8/40 MP: 6/6
  2057 | D:3      | Reached XP level 7. HP: 44/44 MP: 7/7
  2202 | D:4      | Found an iron altar of Okawaru.
  2236 | D:4      | Noticed inc's ghost (weakling OpEE)
  2408 | D:4      | Killed inc's ghost
  2826 | D:5      | Entered Level 5 of the Dungeon
  3145 | D:5      | Reached XP level 8. HP: 51/51 MP: 8/8
  3166 | D:5      | Reached skill level 6 in Fighting
  3263 | D:5      | Reached skill level 5 in Armour
  3459 | D:5      | Found a burning altar of Makhleb.
  3459 | D:5      | Noticed a cacodemon
  3463 | D:5      | Noticed an orange demon
  3465 | D:5      | Became a worshipper of Makhleb the Destroyer
  3548 | D:5      | Noticed Prince Ribbit
  3583 | D:5      | Got a smelly ring mail
  3584 | D:5      | Identified the +4 ring mail "Ephime" {Int-2 Dex+4} (You found it on level 5 of the Dungeon)
  4052 | D:6      | Reached skill level 5 in Shields
  4178 | D:6      | HP: 2/78 [orc warrior/glaive (11)]
  4184 | D:6      | Slain by a gnoll

Skill      XL: |  1  2  3  4  5  6  7  8 |
---------------+-------------------------+-----
Short Blades   | 1 2 3 |  3.5
Stealth        | 1 2 3 4 |  4.2
Fighting       | 4 5 6 |  6.8
Dodging        | 1 2 |  2.8
Armour         | 4 5 |  5.4
Maces & Flails | 3 4 |  4.0
Shields        | 4 5 |  5.2

Action                   |  1- 3 |  4- 6 |  7- 9 || total
-------------------------+-------+-------+-------++-------
Melee: Flail             |    23 |    25 |       ||    48
       Dagger            |    64 |    92 |   306 ||   462
  Use: Potion            |       |     5 |     3 ||     8
       Scroll            |       |       |    12 ||    12
 Stab: Sleeping          |       |       |     1 ||     1
  Eat: Ration            |       |     2 |     2 ||     4
Armor: Scale mail        |    73 |    42 |   123 ||   238
       Ring mail         |       |       |    55 ||    55
Dodge: Dodged            |    49 |    28 |   141 ||   218
Block: Shield            |    58 |    51 |   205 ||   314
